TOP OF THE 1ST |
Plymouth Rocks batting - Pitching for Vista Panthers : RHP Mario Chávez
|
Pitching: RHP Mario Chávez
|
|
Batting: RHB António Zúńiga
|
0-0: Swinging Strike 0-1: Called Strike 0-2: Ball 1-2: Ball 2-2: Ball 3-2: Base on Balls
|
Batting: RHB Frederico Hernández
|
0-0: SINGLE (Line Drive, 34) António Zúńiga to second Runner from 2nd tries for 3rd, SAFE, no throw or cutoff
|
Batting: LHB Frank Geddes
|
0-0: Ball 1-0: Called Strike Frederico Hernández steals 2nd base 1-1: Fly out, F8 (Flyball, 8LD) Runner from 3rd tags up, SCORES, no throw Frederico Hernández to third
|
Batting: RHB Millard Boyd
|
0-0: Called Strike 0-1: Ball 1-1: Fly out, F2 (Popup, 23F)
|
Batting: RHB Dexter Potter
|
0-0: Called Strike 0-1: Fly out, F8 (Flyball, 8LM)
|
Top of the 1st over - 1 run(s), 1 hit(s), 0 error(s), 1 left on base; Plymouth 1 - Vista 0 |
BOTTOM OF THE 1ST |
Vista Panthers batting - Pitching for Plymouth Rocks : LHP Jean-Thomas Francoeur
|
Pitching: LHP Jean-Thomas Francoeur
|
|
Batting: SHB Juan Gómez
|
0-0: DOUBLE (Line Drive, 9LM)
|
Batting: RHB Wilson López
|
0-0: Ground out 5-3 (Groundball, 5S) Juan Gómez to third
|
Batting: RHB Roberto Cruz
|
0-0: Called Strike 0-1: Ball 1-1: Ball 2-1: Foul Ball, location: 2F 2-2: Foul Ball, location: 2F 2-2: Ball 3-2: Base on Balls
|
Batting: LHB Pablo Rivas
|
0-0: Ball 1-0: Called Strike 1-1: Fly out, F9 (Flyball, 89D) Runner from 3rd tags up, SCORES, no throw
|
Batting: RHB Andrew Good
|
0-0: Fielders Choice at 2nd, U6 (Groundball, 6M)
|
Bottom of the 1st over - 1 run(s), 1 hit(s), 0 error(s), 1 left on base; Plymouth 1 - Vista 1 |
TOP OF THE 2ND |
Plymouth Rocks batting - Pitching for Vista Panthers : RHP Mario Chávez
|
Batting: LHB John Doby
|
0-0: SINGLE (Groundball, 56D)
|
Batting: RHB Alberto Ramos
|
0-0: Called Strike 0-1: Ball 1-1: Grounds into double play, 4-6-3 (Groundball, 4)
|
Batting: RHB Yoshinori Sasaki
|
0-0: Ball 1-0: Foul Ball, location: 2F 1-1: Ball 2-1: Called Strike 2-2: Fly out, F8 (Flyball, 8RM)
|
Top of the 2nd over - 0 run(s), 1 hit(s), 0 error(s), 0 left on base; Plymouth 1 - Vista 1 |
BOTTOM OF THE 2ND |
Vista Panthers batting - Pitching for Plymouth Rocks : LHP Jean-Thomas Francoeur
|
Batting: LHB Patrick Osborne
|
0-0: Foul Ball, location: 2F 0-1: Ball 1-1: Ground out 1-3 (Groundball, 13)
|
Batting: RHB Javier Deleón
|
0-0: Ball 1-0: Ball 2-0: Ball 3-0: Called Strike 3-1: Foul Ball, location: 2F 3-2: Foul Ball, location: 2F 3-2: Fly out, F8 (Flyball, 89M)
|
Batting: LHB Harry Pitts
|
0-0: Called Strike 0-1: Foul Ball, location: 2F 0-2: Ball 1-2: Foul Ball, location: 2F 1-2: Ball 2-2: Ball 3-2: Fly out, F9 (Flyball, 89XD)
|
Bottom of the 2nd over - 0 run(s), 0 hit(s), 0 error(s), 0 left on base; Plymouth 1 - Vista 1 |
TOP OF THE 3RD |
Plymouth Rocks batting - Pitching for Vista Panthers : RHP Mario Chávez
|
Batting: RHB Alberto Hernández
|
0-0: Ball 1-0: Ball 2-0: Called Strike 2-1: Swinging Strike 2-2: Strikes out swinging
|
Batting: RHB António Zúńiga
|
0-0: Ball 1-0: Ground out 4-3 (Groundball, 4M)
|
Batting: RHB Frederico Hernández
|
0-0: Called Strike 0-1: Foul Ball, location: 2F 0-2: Ground out 6-3 (Groundball, 6)
|
Top of the 3rd over - 0 run(s), 0 hit(s), 0 error(s), 0 left on base; Plymouth 1 - Vista 1 |
BOTTOM OF THE 3RD |
Vista Panthers batting - Pitching for Plymouth Rocks : LHP Jean-Thomas Francoeur
|
Batting: RHB Danny Crouch
|
0-0: Swinging Strike 0-1: Swinging Strike 0-2: SINGLE (Line Drive, 34D)
|
Batting: SHB Juan Gómez
|
0-0: Called Strike 0-1: Called Strike 0-2: Fly out, F5 (Line Drive, 56S)
|
Batting: RHB Wilson López
|
0-0: Ball 1-0: Ball 2-0: Ball 3-0: Called Strike 3-1: Reached on error, E5 (Groundball, 56S) Danny Crouch to third
|
Batting: RHB Roberto Cruz
|
0-0: Ball 1-0: Ball 2-0: Called Strike 2-1: 3-RUN HOME RUN (Flyball, 7D), Distance : 417 ft
|
Batting: LHB Pablo Rivas
|
0-0: Ball 1-0: Called Strike 1-1: Foul Ball, location: 2F 1-2: Foul Ball, location: 2F 1-2: Ball 2-2: Ball 3-2: Fly out, F7 (Line Drive, 7M)
|
Batting: RHB Andrew Good
|
0-0: Called Strike 0-1: Called Strike 0-2: Fly out, F9 (Flyball, 9D)
|
Bottom of the 3rd over - 3 run(s), 2 hit(s), 1 error(s), 0 left on base; Plymouth 1 - Vista 4 |
TOP OF THE 4TH |
Plymouth Rocks batting - Pitching for Vista Panthers : RHP Mario Chávez
|
Batting: LHB Frank Geddes
|
0-0: Ball 1-0: SOLO HOME RUN (Flyball, 7D), Distance : 415 ft
|
Batting: RHB Millard Boyd
|
0-0: Called Strike 0-1: Ground out 3-1 (Groundball, 34)
|
Batting: RHB Dexter Potter
|
0-0: Called Strike 0-1: Ground out 5-3 (Groundball, 56)
|
Batting: LHB John Doby
|
0-0: Called Strike 0-1: Ball 1-1: Ground out U3 (Groundball, 3S)
|
Top of the 4th over - 1 run(s), 1 hit(s), 0 error(s), 0 left on base; Plymouth 2 - Vista 4 |
BOTTOM OF THE 4TH |
Vista Panthers batting - Pitching for Plymouth Rocks : LHP Jean-Thomas Francoeur
|
Batting: LHB Patrick Osborne
|
0-0: Ground out U3 (Groundball, 3)
|
Batting: RHB Javier Deleón
|
0-0: Swinging Strike 0-1: Ground out 2-3 (Groundball, 2L)
|
Batting: LHB Harry Pitts
|
0-0: Ball 1-0: Ball 2-0: Called Strike 2-1: Fly out, F8 (Flyball, 8LS)
|
Bottom of the 4th over - 0 run(s), 0 hit(s), 0 error(s), 0 left on base; Plymouth 2 - Vista 4 |
TOP OF THE 5TH |
Plymouth Rocks batting - Pitching for Vista Panthers : RHP Mario Chávez
|
Batting: RHB Alberto Ramos
|
0-0: Ball 1-0: Ball 2-0: Fly out, F5 (Popup, 56)
|
Batting: RHB Yoshinori Sasaki
|
0-0: Called Strike 0-1: Ball 1-1: Ball 2-1: Foul Ball, location: 2F 2-2: Fly out, F7 (Flyball, 78M)
|
Batting: RHB Alberto Hernández
|
0-0: SINGLE (Groundball, 6MD)
|
Batting: RHB António Zúńiga
|
0-0: Ball 1-0: Ball 2-0: Called Strike 2-1: Called Strike Alberto Hernández steals 2nd base 2-2: Foul Ball, location: 2F 2-2: Ball 3-2: Fly out, F8 (Flyball, 8LD)
|
Top of the 5th over - 0 run(s), 1 hit(s), 0 error(s), 1 left on base; Plymouth 2 - Vista 4 |
BOTTOM OF THE 5TH |
Vista Panthers batting - Pitching for Plymouth Rocks : LHP Jean-Thomas Francoeur
|
Batting: RHB Danny Crouch
|
0-0: Ball 1-0: Ground out 5-3 (Groundball, 5L)
|
Batting: SHB Juan Gómez
|
0-0: Foul Ball, location: 2F 0-1: Called Strike 0-2: Foul Ball, location: 2F 0-2: Fly out, F9 (Flyball, 9M)
|
Batting: RHB Wilson López
|
0-0: SINGLE (Groundball, 6MD)
|
Batting: RHB Roberto Cruz
|
0-0: Ball 1-0: Fielders Choice at 2nd, 6-4 (Groundball, 6MS)
|
Bottom of the 5th over - 0 run(s), 1 hit(s), 0 error(s), 0 left on base; Plymouth 2 - Vista 4 |
TOP OF THE 6TH |
Plymouth Rocks batting - Pitching for Vista Panthers : RHP Mario Chávez
|
Batting: RHB Frederico Hernández
|
0-0: Ball 1-0: Ball 2-0: Called Strike 2-1: Ground out 6-3 (Groundball, 6)
|
Batting: LHB Frank Geddes
|
0-0: Called Strike 0-1: Ball 1-1: Called Strike 1-2: Foul Ball, location: 2F 1-2: Strikes out looking
|
Batting: RHB Millard Boyd
|
0-0: Fly out, F9 (Flyball, 9M)
|
Top of the 6th over - 0 run(s), 0 hit(s), 0 error(s), 0 left on base; Plymouth 2 - Vista 4 |
BOTTOM OF THE 6TH |
Vista Panthers batting - Pitching for Plymouth Rocks : LHP Jean-Thomas Francoeur
|
Batting: LHB Pablo Rivas
|
0-0: Ground out 5-3 (Groundball, 56)
|
Batting: RHB Andrew Good
|
0-0: Called Strike 0-1: Foul Ball, location: 2F 0-2: Reached on error, E5 (Groundball, 5)
|
Batting: LHB Patrick Osborne
|
0-0: Ball 1-0: Grounds into double play, 6-4-3 (Groundball, 6)
|
Bottom of the 6th over - 0 run(s), 0 hit(s), 1 error(s), 0 left on base; Plymouth 2 - Vista 4 |
TOP OF THE 7TH |
Plymouth Rocks batting - Pitching for Vista Panthers : RHP Mario Chávez
|
Batting: RHB Dexter Potter
|
0-0: Called Strike 0-1: Ball 1-1: Ground out 5-3 (Groundball, 5)
|
Batting: LHB John Doby
|
0-0: Foul Ball, location: 2F 0-1: SINGLE (Groundball, 34)
|
Batting: RHB Alberto Ramos
|
0-0: Ball 1-0: Called Strike 1-1: Ball 2-1: Ground out 5-3 (Groundball, 5S) John Doby to second
|
Batting: RHB Yoshinori Sasaki
|
0-0: Ball 1-0: Ball 2-0: Called Strike 2-1: Called Strike 2-2: SINGLE (Line Drive, 56S) John Doby to third
|
Batting: RHB Alberto Hernández
|
0-0: SINGLE (Line Drive, 6D) John Doby scores Yoshinori Sasaki to second
|
Batting: RHB António Zúńiga
|
0-0: Called Strike 0-1: Ball 1-1: Swinging Strike 1-2: Strikes out swinging
|
Top of the 7th over - 1 run(s), 3 hit(s), 0 error(s), 2 left on base; Plymouth 3 - Vista 4 |
BOTTOM OF THE 7TH |
Vista Panthers batting - Pitching for Plymouth Rocks : LHP Jean-Thomas Francoeur
|
Batting: RHB Javier Deleón
|
0-0: Called Strike 0-1: Ball 1-1: Called Strike 1-2: Ball 2-2: Foul Ball, location: 2F 2-2: SINGLE (Line Drive, 78S)
|
Pinch Hitting: RHB Jason Jackson
|
0-0: Ball 1-0: Bunted foul 1-1: Sac Bunt - play at first, batter OUT! 1-4 Javier Deleón to second
|
Pinch Hitting: RHB John Mendelson
|
0-0: Intentional Walk
|
Batting: SHB Juan Gómez
|
0-0: Ball 1-0: Ball 2-0: Ball 3-0: Called Strike 3-1: Called Strike 3-2: Base on Balls Javier Deleón to third John Mendelson to second
|
Batting: RHB Wilson López
|
0-0: Called Strike 0-1: Foul Ball, location: 2F 0-2: Ball 1-2: Ball 2-2: Foul Ball, location: 2F 2-2: Grounds into double play, 4-6-3 (Groundball, 4M)
|
Bottom of the 7th over - 0 run(s), 1 hit(s), 0 error(s), 2 left on base; Plymouth 3 - Vista 4 |
TOP OF THE 8TH |
Plymouth Rocks batting - Pitching for Vista Panthers : RHP Mario Chávez
|
Now at SS: Luis Castillo
|
|
Now in CF: António Glaviz
|
|
Batting: RHB Frederico Hernández
|
0-0: Swinging Strike 0-1: Foul Ball, location: 2F 0-2: Ball 1-2: Ball 2-2: Ball 3-2: Foul Ball, location: 2F 3-2: SOLO HOME RUN (Flyball, 78XD), Distance : 426 ft
|
Batting: LHB Frank Geddes
|
0-0: Called Strike 0-1: SINGLE (Groundball, 34D)
|
Batting: RHB Millard Boyd
|
0-0: Ball 1-0: Called Strike 1-1: Ball 2-1: Ball 3-1: Base on Balls Frank Geddes to second
|
Batting: RHB Dexter Potter
|
0-0: Ball 1-0: Foul Ball, location: 2F 1-1: Ball 2-1: Ball 3-1: Foul Ball, location: 2F 3-2: SINGLE (Groundball, 56D) Frank Geddes to third Millard Boyd to second Runner from 3rd tries for Home, SAFE, throw made home
|
Pitching: LHP Manuel Parra
|
|
Batting: LHB John Doby
|
0-0: Called Strike 0-1: Foul Ball, location: 2F 0-2: Strikes out swinging
|
Pinch Hitting: RHB Tadakuni Sugiyama
|
0-0: Called Strike 0-1: Foul Ball, location: 2F 0-2: Foul Ball, location: 2F 0-2: Foul Ball, location: 2F 0-2: Ball 1-2: Strikes out swinging
|
Pinch Hitting: RHB Kelly Owens
|
0-0: Ball 1-0: Swinging Strike 1-1: Foul Ball, location: 2F 1-2: Foul Ball, location: 2F 1-2: Ball 2-2: Foul Ball, location: 2F 2-2: Ball 3-2: Ground out 6-3 (Groundball, 6)
|
Top of the 8th over - 2 run(s), 3 hit(s), 0 error(s), 2 left on base; Plymouth 5 - Vista 4 |
BOTTOM OF THE 8TH |
Vista Panthers batting - Pitching for Plymouth Rocks : LHP Jean-Thomas Francoeur
|
Now at 2B: Jack Ray
|
|
Now at 3B: Jorge Márquez
|
|
Batting: RHB Roberto Cruz
|
0-0: Called Strike 0-1: Fly out, F8 (Flyball, 8RD)
|
Batting: LHB Pablo Rivas
|
0-0: Ground out 6-3 (Groundball, 6M)
|
Batting: RHB Andrew Good
|
0-0: Ball 1-0: Ground out 5-3 (Groundball, 5S)
|
Bottom of the 8th over - 0 run(s), 0 hit(s), 0 error(s), 0 left on base; Plymouth 5 - Vista 4 |
TOP OF THE 9TH |
Plymouth Rocks batting - Pitching for Vista Panthers : LHP Manuel Parra
|
Batting: RHB Alberto Hernández
|
0-0: Ball 1-0: Swinging Strike 1-1: Ball 2-1: Swinging Strike 2-2: Strikes out swinging
|
Batting: RHB António Zúńiga
|
0-0: Called Strike 0-1: Ground out 5-3 (Groundball, 5)
|
Batting: RHB Frederico Hernández
|
0-0: Ball 1-0: Ball 2-0: Foul Ball, location: 2F 2-1: Foul Ball, location: 2F 2-2: Ball 3-2: Foul Ball, location: 2F 3-2: Base on Balls
|
Batting: LHB Frank Geddes
|
0-0: Ball 1-0: Foul Ball, location: 2F 1-1: Ball 2-1: Foul Ball, location: 2F 2-2: Strikes out swinging
|
Top of the 9th over - 0 run(s), 0 hit(s), 0 error(s), 1 left on base; Plymouth 5 - Vista 4 |
BOTTOM OF THE 9TH |
Vista Panthers batting - Pitching for Plymouth Rocks : LHP Jean-Thomas Francoeur
|
Pitching: RHP Erik Estes
|
|
Batting: LHB Patrick Osborne
|
0-0: Foul Ball, location: 2F 0-1: Ball 1-1: Foul Ball, location: 2F 1-2: DOUBLE (Line Drive, 4M)
|
Batting: RHB Javier Deleón
|
0-0: Swinging Strike 0-1: Ball 1-1: Foul Ball, location: 2F 1-2: Ball 2-2: Foul Ball, location: 2F 2-2: Foul Ball, location: 2F 2-2: Strikes out swinging
|
Batting: RHB Luis Castillo
|
0-0: SINGLE (Line Drive, 56D) Patrick Osborne to third Runner from 3rd tries for Home, SAFE, throw made home Luis Castillo to second
|
Batting: LHB António Glaviz
|
0-0: Called Strike 0-1: Ball 1-1: Called Strike 1-2: Ball 2-2: SINGLE (Groundball, 56D) Luis Castillo to third Runner from 3rd tries for Home, throw and OUT! António Glaviz to second
|
Batting: SHB Juan Gómez
|
0-0: Foul Ball, location: 2F 0-1: Called Strike 0-2: Ball 1-2: Foul Ball, location: 2F 1-2: Strikes out swinging
|
Bottom of the 9th over - 1 run(s), 3 hit(s), 0 error(s), 1 left on base; Plymouth 5 - Vista 5 |
TOP OF THE 10TH |
Plymouth Rocks batting - Pitching for Vista Panthers : LHP Manuel Parra
|
Pitching: RHP Steve Griffin
|
|
Batting: RHB Millard Boyd
|
0-0: Called Strike 0-1: Swinging Strike 0-2: Ground out 6-3 (Groundball, 6)
|
Batting: RHB Dexter Potter
|
0-0: Ball 1-0: Called Strike 1-1: Swinging Strike 1-2: Strikes out looking
|
Batting: LHB John Doby
|
0-0: Ball 1-0: Foul Ball, location: 2F 1-1: Ball 2-1: Ground out 4-3 (Groundball, 34)
|
Top of the 10th over - 0 run(s), 0 hit(s), 0 error(s), 0 left on base; Plymouth 5 - Vista 5 |
BOTTOM OF THE 10TH |
Vista Panthers batting - Pitching for Plymouth Rocks : RHP Erik Estes
|
Batting: RHB Wilson López
|
0-0: Swinging Strike 0-1: Ground out 4-3 (Groundball, 4M)
|
Batting: RHB Roberto Cruz
|
0-0: Foul Ball, location: 2F 0-1: Foul Ball, location: 2F 0-2: Fly out, F4 (Line Drive, 4M)
|
Batting: LHB Pablo Rivas
|
0-0: Fly out, F5 (Popup, 2L)
|
Bottom of the 10th over - 0 run(s), 0 hit(s), 0 error(s), 0 left on base; Plymouth 5 - Vista 5 |
TOP OF THE 11TH |
Plymouth Rocks batting - Pitching for Vista Panthers : RHP Steve Griffin
|
Batting: RHB Jack Ray
|
0-0: Ball 1-0: Called Strike 1-1: Fly out, F4 (Popup, 4D)
|
Batting: RHB Jorge Márquez
|
0-0: Called Strike 0-1: Foul Ball, location: 2F 0-2: Foul Ball, location: 2F 0-2: Ball 1-2: Fly out, F7 (Flyball, 7M)
|
Batting: RHB Alberto Hernández
|
0-0: Ball 1-0: Ball 2-0: Foul Ball, location: 2F 2-1: Ground out 6-3 (Groundball, 6)
|
Top of the 11th over - 0 run(s), 0 hit(s), 0 error(s), 0 left on base; Plymouth 5 - Vista 5 |
|